 Dungeon Crawl Stone Soup version 0.31.0-11-ge490571c62 (webtiles) character file.

Game seed: 16192833265056586944

1800 CaptainScarlet the Chopper (level 8, -8/67 HPs)
             Began as a Yellow Draconian Fighter on Jan 30, 2024.
             Was a Follower of Cheibriados.
             Killed from afar by an electric eel (11 damage)
             ... with a bolt of electricity
             ... on level 6 of the Dungeon.
             The game lasted 00:13:05 (5990 turns).

CaptainScarlet the Chopper (DrFi)                   Turns: 5990, Time: 00:13:12

Health: -8/67      AC:  8    Str: 27    XL:     8   Next: 83%
Magic:  11/11      EV: 13    Int: 15    God:    Cheibriados [*.....]
Gold:   303        SH:  5    Dex: 13    Spells: 8/11 levels left

rFire   + . .        a - +0 war axe
rCold   . . .        b - +0 buckler
rNeg    . . .        (body armour unavailable)
rPois   .            (helmet restricted)
rElec   .            (no cloak)
rCorr   +            w - +1 pair of gloves {Stlth+}
SInv    .            (no boots)
Will    .....        (no amulet)
Stlth   +++          i - +6 ring of strength
HPRegen 0.31/turn    l - ring of protection from fire
MPRegen 0.12/turn

%: no passive effects
@: short of breath, very slow
A: spit acid, AC +6, unfitting armour, cold-blooded, acid resistance
a: Breathe Acid, Renounce Religion, Bend Time


You were on level 6 of the Dungeon.
You worshipped Cheibriados.
Cheibriados was aware of your devotion.
You visited 1 branch of the dungeon, and saw 6 of its levels.

You collected 303 gold pieces.

Inventory:

Hand Weapons
 a - a +0 war axe (weapon)
Missiles
 f - 5 boomerangs (quivered)
 g - 8 poisoned darts
 r - 2 throwing nets
Armour
 b - a +0 buckler (worn)
 w - a +1 pair of gloves of stealth (worn)
Jewellery
 i - a +6 ring of strength (left hand)
 l - a ring of protection from fire (right hand)
 m - a ring of flight
 q - a ring of protection from cold
 u - a ring of positive energy
Talismans
 h - a beast talisman
Wands
 d - a wand of charming (6)
Scrolls
 k - a scroll of poison
 n - a scroll of vulnerability
Potions
 c - 2 potions of degeneration {unknown}
 j - a potion of mutation
 o - a potion of magic
 p - a potion of enlightenment
 s - a potion of heal wounds {unknown}
 t - a potion of attraction {unknown}


   Skills:
 * Level 4.7 Fighting
 * Level 4.8 Axes
 * Level 4.4 Throwing
 * Level 4.0 Dodging
 * Level 2.7 Stealth
 * Level 4.3 Shields
 * Level 2.3 Spellcasting
 * Level 2.5 Conjurations
 * Level 2.3 Air Magic
 * Level 2.2 Alchemy
 * Level 2.2 Evocations
 * Level 2.0 Shapeshifting


You had 8 spell levels left.
You knew the following spells:

 Your Spells              Type           Power      Damage    Failure   Level
a - Mephitic Cloud        Conj/Alch/Air  8%         N/A       28%         3

Your spell library contained the following spells:

 Spells                   Type           Power      Damage    Failure   Level
 Dazzling Flash           Conj/Hex       10%        N/A       41%         3
 Cause Fear               Hex            0%         N/A       94%         4
 Fireball                 Conj/Fire      2%         3d4       99%         5
 Silence                  Hex/Air        2%         N/A       99%         5
 Curse of Agony           Necr           1%         N/A       100%        5
 Dragon's Call            Summ           0%         N/A       100%        9


Dungeon Overview and Level Annotations

Branches:
Dungeon (6/15)             Temple (0/1) D:5

Altars:
Cheibriados
Elyvilon
Wu Jian
Yredelemnul

Shops:
D:5 [


Innate Abilities, Weirdness & Mutations

You can spit globs of acid.
Your golden yellow scales are hard. (AC +6)
You cannot fit into any form of body armour.
You are cold-blooded and may be slowed by cold attacks.
You are resistant to acid. (rCorr)


Message History

The bolt of electricity hits you!
Your iguana bites the electric eel.
Your iguana completely misses the electric eel.
The electric eel shoots out a bolt of lightning at your iguana!
The bolt of electricity hits your iguana!
Your iguana dies!
The electric eel shoots out a bolt of lightning at you!
The bolt of electricity hits you!
You miss the electric eel.
The electric eel is almost dead.
The electric eel shoots out a bolt of lightning at you!
The bolt of electricity hits you!
* * * LOW HITPOINT WARNING * * *
The electric eel shoots out a bolt of lightning at you!
The bolt of electricity hits you!
* * * LOW HITPOINT WARNING * * *
You feel better.
You hit the electric eel but do no damage.
The electric eel is almost dead.
You closely miss the electric eel.
The electric eel is almost dead.
The electric eel shoots out a bolt of lightning at you!
The bolt of electricity hits you!
* * * LOW HITPOINT WARNING * * *
Unknown command.
You feel better.
The electric eel shoots out a bolt of lightning at you!
The bolt of electricity hits you!
* * * LOW HITPOINT WARNING * * *
You feel better.
The electric eel shoots out a bolt of lightning at you!
The bolt of electricity hits you!
* * * LOW HITPOINT WARNING * * *
Unknown command.
Aiming: Charm
Press: ? - help, Shift-Dir - straight line, f/p - electric eel
Aim: an electric eel (water, almost dead, covered in acid, chance to affect: 63%)
The electric eel resists with significant effort.
The electric eel shoots out a bolt of lightning at you!
The bolt of electricity hits you!
You die...

.........##............
..........#...##......
.....................
..≈≈≈≈≈.≈≈≈≈≈.≈≈≈≈≈.≈
..≈###≈.≈###≈.≈###≈.≈#
#≈.≈# #≈.≈# .≈#
..≈###≈.≈###≈.≈###≈.≈#
#.≈≈≈≈≈.≈≈≈≈≈.≈≈≈≈≈.≈≈
..............@†......
..≈≈≈≈≈.≈≈≈≈≈.≈S≈≈≈.≈≈
..≈###≈.≈###≈.≈###≈.≈#
#.≈ #≈.≈# #≈.≈# ≈.≈# #.
#≈.≈# #≈.≈# .≈# ≈≈≈.≈≈
≈≈[≈≈S ...............
≈≈≈≈.≈≈≈≈≈.≈≈≈≈
###≈.≈###


You could see an electric eel (corroded).

Vanquished Creatures
  Pikel (D:5)
  Sigmund (D:5)
  2 water moccasins (D:5)
  A black bear (D:5)
  2 ogres (D:5)
  2 phantoms (D:4)
  4 lemures (D:5)
  2 scorpions (D:4)
  A hound (D:4)
  An orc priest (D:5)
  2 sleepcaps
  3 iguanas
  Terence (D:2)
  An orc wizard (D:5)
  Natasha (twice) (D:2)
  5 adders
  2 ufetubi (D:6)
  5 dart slugs
  A ribbon worm (D:3)
  4 orcs
  9 ball pythons
  5 endoplasms
  2 hobgoblins (D:3)
  9 jackals
  2 quokkas
  A bat (D:1)
  3 frilled lizards
  6 goblins
  8 kobolds
  3 rats
91 creatures vanquished.

Vanquished Creatures (collateral kills)
  An electric eel (D:6)
1 creature vanquished.

Vanquished Creatures (others)
  An iguana (D:6)
1 creature vanquished.

Grand Total: 93 creatures vanquished

Notes
Turn   | Place    | Note
-------+----------+-------------------------------------------
     0 | D:1      | CaptainScarlet the Draconian Fighter began the quest for
                  | the Orb.
     0 | D:1      | Reached XP level 1. HP: 19/19 MP: 1/1
    91 | D:1      | Reached XP level 2. HP: 26/26 MP: 2/2
   312 | D:2      | Noticed Natasha
   316 | D:2      | Killed Natasha
   317 | D:2      | Reached XP level 3. HP: 20/33 MP: 3/3
  1179 | D:3      | Found a basalt altar of Yredelemnul.
  1385 | D:4      | Reached XP level 4. HP: 40/40 MP: 4/4
  1394 | D:4      | Found a snail-covered altar of Cheibriados.
  1420 | D:4      | Noticed a phantom
  1496 | D:4      | Learned a level 3 spell: Mephitic Cloud
  1547 | D:4      | Reached skill level 1 in Stealth
  1578 | D:4      | Found a white marble altar of Elyvilon.
  1635 | D:4      | Killed a phantom
  1636 | D:4      | Reached XP level 5. HP: 36/46 MP: 5/5
  1678 | D:4      | Reached skill level 1 in Throwing
  1678 | D:4      | Reached skill level 1 in Air Magic
  1695 | D:4      | Reached XP level 6. HP: 17/52 MP: 7/7
  1853 | D:4      | Found an ornate altar of the Wu Jian Council.
  1917 | D:4      | Became a worshipper of Cheibriados the Contemplative
  2213 | D:4      | Reached skill level 1 in Spellcasting
  2213 | D:4      | Reached skill level 1 in Conjurations
  2901 | D:2      | Noticed Terence
  2912 | D:2      | Killed Terence
  2913 | D:2      | Reached skill level 1 in Alchemy
  2913 | D:2      | Reached skill level 1 in Evocations
  2913 | D:2      | Reached skill level 1 in Shapeshifting
  3208 | D:2      | Noticed Natasha
  3213 | D:2      | Killed Natasha
  4567 | D:5      | Entered Level 5 of the Dungeon
  4649 | D:5      | Reached * piety under Cheibriados
  4667 | D:5      | Found Earendil's Dragon-Slaying Spoils.
  4797 | D:5      | Noticed a water moccasin
  4805 | D:5      | Killed a water moccasin
  4806 | D:5      | Your scales start taking on a golden yellow colour.
  4806 | D:5      | Reached XP level 7. HP: 54/59 MP: 8/8
  4806 | D:5      | Gained mutation: You are resistant to acid. (rCorr) [Yellow
                  | Draconian growth]
  5233 | D:5      | Found a staircase to the Ecumenical Temple.
  5322 | D:5      | Reached XP level 8. HP: 67/67 MP: 10/10
  5328 | D:5      | Noticed Pikel
  5337 | D:5      | Killed Pikel
  5363 | D:5      | Noticed Sigmund
  5367 | D:5      | Killed Sigmund
  5989 | D:6      | HP: 3/67 [electric eel/bolt of electricity (9)]
  5990 | D:6      | Killed from afar by an electric eel

Illustrated notes

Levels and vault maps discovered:
D:1:      eino_arrival_cavern_b, layout_basic
D:2:      minmay_recursive_quarters, layout_loops_ring, minmay_pentomino_q2,
          uniq_terence, uniq_natasha
D:3:      layout_basic, mainiacjoe_overflow_alcove_2,
          amcnicky_mini_corridor_feature
D:4:      layout_layer_cave, mainiacjoe_overflow_catwalk_spiral,
          mainiacjoe_overflow_six_doors_small, hex_large, lemuel_flame_loot_1
D:5:      layout_layer_cave, temple_pool_b, nicolae_shop_dragon_depot,
          grunt_decor_mini_mirrors, nicolae_concentric_dashed_squares_wild,
          uniq_sigmund, uniq_pikel
D:6:      layout_rooms, mainiacjoe_overflow_alcove_1,
          hangedman_abyss_or_decor_stagger, grunt_ministairs_3,
          kennysheep_boxes, uniq_eustachio, uniq_blork_the_orc

Skill      XL: |  1  2  3  4  5  6  7  8 |
---------------+-------------------------+-----
Dodging        | 3 4 |  4.0
Stealth        | 1 2 |  2.7
Axes           | 3 4 |  4.8
Fighting       | 4 |  4.7
Throwing       | 1 2 3 4 |  4.4
Air Magic      | 1 2 |  2.3
Spellcasting   | 1 2 |  2.3
Conjurations   | 1 2 |  2.5
Alchemy        | 1 2 |  2.2
Evocations     | 1 2 |  2.2
Shapeshifting  | 1 2 |  2.0
Shields        | 4 |  4.3

Action                     |  1- 3 |  4- 6 |  7- 9 || total
---------------------------+-------+-------+-------++-------
  Melee: War axe           |    56 |    61 |    34 ||   151
         Tailslap          |     5 |     6 |     5 ||    16
  Throw: Boomerang         |    15 |    84 |    25 ||   124
Ability: Breathe Acid      |       |       |    11 ||    11
  Evoke: Wand              |       |       |     4 ||     4
    Use: Scroll            |     5 |     5 |     1 ||    11
         Potion            |       |     2 |     3 ||     5
   Stab: Sleeping          |       |     1 |       ||     1
 Armour: Skin              |    41 |    46 |    38 ||   125
  Dodge: Dodged            |    32 |    38 |    13 ||    83
  Block: Buckler           |    15 |    13 |    12 ||    40
